 Dungeon Crawl Stone Soup version 0.17.0-28-g6e173f8 (webtiles) character file.

79 R18 the Grasshopper (level 4, -4/39 HPs)
             Began as a Naga Warper on Dec 3, 2015.
             Slain by a gnoll
             ... wielding a +0 halberd
              (8 damage)
             ... on level 3 of the Dungeon.
             The game lasted 00:04:39 (1978 turns).

R18 the Grasshopper (Naga Warper)                   Turns: 1978, Time: 00:04:39

Health: -4/39      AC:  3    Str: 13    XL:     4   Next: 37%
Magic:  6/7        EV:  9    Int: 20    God:
Gold:   23         SH:  0    Dex: 10    Spells: 3 memorised, 2 levels left

rFire  . . .     SeeInvis +     a - +0 spear
rCold  . . .     Clarity  .     b - +0 leather armour
rNeg   . . .     SustAt   .     (no shield)
rPois  +         Gourm    .     k - +0 helmet
rElec  .         Spirit   .     (no cloak)
rCorr  .         Warding  .     (no gloves)
rMut   .         Stasis   .     (no barding)
MR     .....                    (no amulet)
Stlth  +.........               (no ring)
                                (no ring)

@: brilliant, short of breath, very slow, not resistant to hostile enchantments,
very unstealthy
A: see invisible, deformed body, poison resistance, slowness 2, slow metabolism
1, spit poison 2, AC +1
a: Spit Poison


You were on level 3 of the Dungeon.
You were not hungry.

You visited 1 branch of the dungeon, and saw 3 of its levels.

You collected 23 gold pieces.

Inventory:

Hand Weapons
 a - a +0 spear (weapon)
Missiles
 e - a tomahawk of dispersal (quivered)
Armour
 b - a +0 leather armour (worn)
 k - a +0 helmet (worn)
Scrolls
 h - a scroll of enchant weapon {unknown}
 i - 2 scrolls of recharging
 l - a scroll of enchant armour {unknown}
 o - 2 scrolls of identify {unknown}
Books
 c - a book of Spatial Translocations

   Spells                             Type                      Level
   a - Apportation                    Translocation                1
   b - Blink                          Translocation                2
   c - Shroud of Golubria             Charms/Translocation         2
   d - Portal Projectile              Translocation                3
   e - Teleport Other                 Translocation                3
   f - Passage of Golubria            Translocation                4
Comestibles
 f - 2 bread rations
 g - 2 fruits
 j - a beef jerky
 n - a meat ration


   Skills:
 - Level 2.0 Fighting
 * Level 3.3 Polearms
 - Level 0.8 Throwing
 - Level 0.7 Armour
 + Level 2.4 Dodging
 - Level 2.0 Spellcasting
 + Level 3.5 Translocations


You had 2 spell levels left.
You knew the following spells:

 Your Spells              Type           Power        Failure   Level  Hunger
a - Apportation           Tloc           ####......   1%          1    #......
b - Blink                 Tloc           N/A          1%          2    ##.....
c - Shroud of Golubria    Chrm/Tloc      ###.......   2%          2    ##.....


Dungeon Overview and Level Annotations

Branches:
Dungeon (3/15)

Altars:


Innate Abilities, Weirdness & Mutations

You cannot wear boots.
Your serpentine skin is tough (AC +1).
You have supernaturally acute eyesight.
Armour fits poorly on your strangely shaped body.
Your system is resistant to poisons.
You cover ground very slowly.
You have a slow metabolism.
You can spit poison.


Message History

Aim: a gnoll, wielding a halberd (almost dead)
The splash of poison misses the gnoll.
The splash of poison hits the gnoll.
The gnoll is poisoned.
You kill the gnoll!
You feel slightly more hungry.
The gnoll hits you from afar with a halberd!
* * * LOW HITPOINT WARNING * * *
Your shroud falls apart!
Attack whom?
Press: ? - help, Dir - move target cursor, f/p - gnoll
Aim: a gnoll, wielding a halberd (almost dead)
You reach to attack!
You hit the gnoll but do no damage.
The gnoll is almost dead.
Attack whom?
Press: ? - help, Dir - move target cursor, f/p - gnoll
Aim: a gnoll, wielding a halberd (almost dead)
You reach to attack!
You hit the gnoll but do no damage.
The gnoll is almost dead.
The gnoll hits you from afar with a halberd!
You die...

#.% # #.# ..### #<#
....##.###
..##......######
..$....gg......####
%...##g#####.....###
.. #.# ##..##..####
#@# ##.####.... #.#
#..#...##. #.#
##.#...##. ..#
......##. ...
........##. #...
........### ....
......#.... #>###
.####.....# ###...#


You could see 3 gnolls.

Vanquished Creatures
  An adder (D:2)
  A gnoll (D:3)
  2 worms (D:2)
  2 giant geckos
  2 ball pythons (D:1)
  9 bats
  A giant cockroach (D:1)
  6 hobgoblins (D:1)
  2 jackals (D:2)
  11 kobolds
  3 giant newts
  5 goblins
  7 rats
52 creatures vanquished.

Notes
Turn   | Place    | Note
--------------------------------------------------------------
     0 | D:1      | R18 the Naga Warper began the quest for the Orb.
     0 | D:1      | Reached XP level 1. HP: 19/19 MP: 3/3
    62 | D:1      | Reached XP level 2. HP: 21/26 MP: 5/5
   125 | D:1      | Learned a level 2 spell: Blink
   134 | D:1      | Learned a level 2 spell: Shroud of Golubria
   649 | D:1      | HP: 1/26 [giant newt (1)]
   979 | D:1      | Reached XP level 3. HP: 27/32 MP: 6/6
  1484 | D:2      | Reached XP level 4. HP: 24/39 MP: 7/7
  1978 | D:3      | Slain by a gnoll

Action                   |  1- 3 |  4- 6 || total
-------------------------+-------+-------++-------
Melee: Spear             |   179 |    41 ||   220
Throw: Tomahawk          |     4 |       ||     4
 Cast: Shroud of Golubri |       |     1 ||     1
 Abil: Spit Poison       |     7 |     6 ||    13
  Use: Scroll            |     1 |     1 ||     2
       Potion            |       |     2 ||     2
  Eat: Chunk             |     1 |     2 ||     3
